 Dungeon Crawl Stone Soup version 0.24.0-2-g5b39cebb1c (webtiles) character file.

Game seed: 8100392482552525926, levelgen mode: deterministic

112 xccam the Ruffian (level 4, 0/35 HPs)
             Began as a Draconian Transmuter on Oct 31, 2019.
             Slain by an orc
             ... wielding a +0 hand axe
              (7 damage)
             ... on level 3 of the Dungeon.
             The game lasted 00:04:07 (2965 turns).

xccam the Ruffian (Draconian Transmuter)            Turns: 2965, Time: 00:04:07

Health: 0/35       AC:  6    Str: 14    XL:     4   Next: 64%
Magic:  1/7        EV: 11    Int: 13    God:
Gold:   127        SH:  4    Dex: 11    Spells: 4/7 levels left

rFire    . . .     SeeInvis .     - Unarmed
rCold    . . .     Gourm    .   k - +0 buckler
rNeg     . . .     Faith    .   (armour unavailable)
rPois    .         Spirit   .   (helmet restricted)
rElec    .         Reflect  .   (no cloak)
rCorr    .         Harm     .   (no gloves)
MR       .....                  e - +0 pair of boots
Stlth    +.........             (no amulet)
HPRegen  0.11/turn              (no ring)
MPRegen  0.10/turn              (no ring)

@: appendage (expiring)
A: unfitting armour, horns 2, cold-blooded, AC +5
a: End Transformation


You were on level 3 of the Dungeon.
You were hungry.
You had grown temporary horns.
You visited 1 branch of the dungeon, and saw 3 of its levels.

You collected 127 gold pieces.

Inventory:

Missiles
 a - 6 arrows
Armour
 e - a +0 pair of boots (worn)
 k - a +0 buckler (worn)
 o - a +0 shield
Jewellery
 l - a cursed ring of teleportation {unknown}
Scrolls
 b - a scroll of amnesia {unknown}
 f - a scroll of enchant armour {unknown}
 g - 3 scrolls of teleportation
 i - a scroll of noise {unknown}
 j - 2 scrolls of identify {unknown}
Potions
 d - a potion of curing
 h - a potion of heal wounds {unknown}
 m - a potion of mutation {unknown}
Comestibles
 c - 5 rations


   Skills:
 - Level 1.1 Fighting
 - Level 1.7 Dodging
 + Level 1.9 Shields
 - Level 5.0 Unarmed Combat
 - Level 2.0 Spellcasting
 - Level 2.0 Transmutations


You had 4 spell levels left.
You knew the following spells:

 Your Spells              Type           Power        Failure   Level  Hunger
a - Beastly Appendage     Tmut           #.....       14%         1    ##.....
b - Sticks to Snakes      Tmut           #.......     22%         2    ###....

Your spell library contained the following spells:

 Spells                   Type           Power        Failure   Level  Hunger
 Spider Form              Tmut/Pois      #.........   54%         3    ####...
 Ice Form                 Ice/Tmut       #.......     91%         4    #####..
 Blade Hands              Tmut           #.........   98%         5    ######.


Dungeon Overview and Level Annotations

Branches:
Dungeon (3/15)

Altars:
Xom
The Shining One
Beogh

Annotations:
D:3 diiiiiane's ghost, weakling DEFE


Innate Abilities, Weirdness & Mutations

Your plain brown scales are hard. (AC +5)
You cannot fit into any form of body armour.
You are cold-blooded and may be slowed by cold attacks.
You have a pair of horns on your head.


Message History

Your ball python barely misses diiiiiane's ghost.
You barely miss diiiiiane's ghost.
You headbutt diiiiiane's ghost, but do no damage.
Diiiiiane's ghost is almost destroyed.
Diiiiiane's ghost casts a spell at you.
The flame tongue hits you but does no damage.
The orc hits you but does no damage.
Your ball python misses diiiiiane's ghost.
Your ball python barely misses diiiiiane's ghost.
Unknown command.
You hit diiiiiane's ghost but do no damage.
Your headbutt misses diiiiiane's ghost.
Your tail-slap misses diiiiiane's ghost.
Diiiiiane's ghost is almost destroyed.
Diiiiiane's ghost gestures at you while chanting.
The puff of flame hits you.
* * * LOW HITPOINT WARNING * * *
Your ball python bites diiiiiane's ghost.
The orc hits you with a +0 hand axe!
You die...

#.# #######################
#######8#.............)....#
8.....#.#†#######..#######.#
..##..#.#W# #..# #.#
..8#..#.#.##### #..#
#####.## ..##..#.......#
#..# #.......
....#.#.#.###.# #..#
#.###.##
[..o#.'...###.###..# #.###.#
_.8o#.'....o@WS....###..##.#
[..o#.'.#####S####...##.##.#
....#.#.# #.# #####...###
..##..#.# #.# ##.≈≈^♣##
..8#..#.# #.######≈.♣≈..##
..##..#.# .......#...^.^_##
8.....#.# #.# #.^≈♣._^..^.
#######8# #.. ###.≈..^^.#.
### #.# #....#♣.#.


You could see diiiiiane's ghost, an orc and 2 friendly ball pythons.

Vanquished Creatures
  An orc wizard (D:3)
  2 adders (D:3)
  A dart slug (D:2)
  A leopard gecko (D:2)
  9 orcs (D:3)
  A giant cockroach (D:1)
  5 goblins
  8 hobgoblins
  4 jackals (D:3)
  2 quokkas
  7 bats
  3 kobolds
  3 rats
  A bush (D:2)
48 creatures vanquished.

Notes
Turn   | Place    | Note
-------+----------+-------------------------------------------
     0 | D:1      | xccam the Draconian Transmuter began the quest for the Orb.
     0 | D:1      | Reached XP level 1. HP: 16/16 MP: 3/3
   326 | D:1      | Reached XP level 2. HP: 16/23 MP: 5/5
   717 | D:2      | Learned a level 2 spell: Sticks to Snakes
   746 | D:2      | Reached skill level 4 in Unarmed Combat
   922 | D:2      | Reached XP level 3. HP: 12/28 MP: 4/6
  1163 | D:2      | Found a glowing golden altar of the Shining One.
  1947 | D:3      | Reached skill level 1 in Shields
  1947 | D:3      | Reached XP level 4. HP: 9/35 MP: 3/7
  2499 | D:3      | Reached skill level 5 in Unarmed Combat
  2518 | D:3      | Found a shimmering altar of Xom.
  2521 | D:3      | Found a shimmering altar of Xom.
  2522 | D:3      | Found a shimmering altar of Xom.
  2568 | D:3      | Found a runed translucent gate.
  2568 | D:3      | Found a runed translucent gate.
  2569 | D:3      | Found a runed translucent gate.
  2575 | D:3      | Noticed diiiiiane's ghost (weakling DEFE)
  2576 | D:3      | Identified the +7 dagger of Kephima {freeze, rElec}
  2577 | D:3      | Found a roughly hewn altar of Beogh.
  2965 | D:3      | Slain by an orc

Levels and vault maps discovered:
D:1:      minmay_arrival_arboretum_large, layout_basic, roderic_lattice_a
D:2:      layout_loops_cross, tso_altar, serial_forest,
          infiniplex_forest_straight_5, infiniplex_forest_clump_medium,
          infiniplex_forest_clump_diagonal, infiniplex_forest_end_1,
          infiniplex_forest_lined_corner, infiniplex_forest_lined_corner,
          minmay_bisected
D:3:      layout_loops_corners, lemuel_coloured_pillars_altar,
          biasface_ghost_orc_armoury, xom_redecorated

Skill      XL: |  1  2  3  4 |
---------------+-------------+-----
Unarmed Combat | 4 5 |  5.0
Shields        | 1 |  1.9
Fighting       | |  1.1
Dodging        | |  1.7
Spellcasting   | |  2.0
Transmutations | |  2.0

Action                   |  1- 3 |  4- 6 || total
-------------------------+-------+-------++-------
Melee: Unarmed           |   283 |    56 ||   339
       Tailslap          |    54 |     5 ||    59
       Headbutt          |     6 |     5 ||    11
       Punch             |     1 |       ||     1
 Cast: Beastly Appendage |     3 |     5 ||     8
       Sticks to Snakes  |     1 |     5 ||     6
  Use: Potion            |       |     2 ||     2
       Scroll            |       |     1 ||     1
 Stab: Sleeping          |       |     1 ||     1
  Eat: Chunk             |     4 |     3 ||     7
Armor: Skin              |    56 |    13 ||    69
Dodge: Dodged            |   116 |    31 ||   147
Block: Buckler           |    12 |     8 ||    20
